 Dungeon Sprint DCSS version 0.20-a0-1109-ge3cd172 (webtiles) character file.

848 potatolord5000 the Fighter (level 8, -4/98 (101) HPs)
             Began as an Ogre Hunter on May 5, 2017.
             Slain by a vampire mosquito (9 damage)
             ... in the Dungeon (Sprint II: "The Violet Keep of Menkaure").
             The game lasted 00:05:46 (714 turns).

potatolord5000 the Fighter (Ogre Hunter)             Turns: 714, Time: 00:05:47

HP:   -4/98 (101)   AC:  7    Str: 19    XL:     8   Next: 1%
MP:   8/8           EV: 16    Int: 12    God:
Gold: 23            SH:  0    Dex:  9    Spells: 7/7 levels left

rFire    . . .     SeeInvis .   e - +0 club
rCold    + . .     Gourm    .   (no shield)
rNeg     . . .     Faith    .   b - +0 robe
rPois    .         Spirit   .   (helmet restricted)
rElec    .         Reflect  .   (no cloak)
rCorr    .         Harm     .   (gloves unavailable)
MR       .....     NoTele   +   (boots unavailable)
Stlth    +.........             (no amulet)
Regen    0.3/turn               g - +4 ring of protection
MPRegen  0.2/turn               a - +3 ring of evasion

@: very slow
A: unfitting armour, cold resistance 1, tough skin 1, sturdy frame 1
a: no special abilities


You were in the Dungeon.
You were not hungry.

You visited 1 branch You collected 972 gold pieces.
You spent 949 gold pieces at shops.

Inventory:

Hand Weapons
 e - a +0 club (weapon)
Missiles
 c - 5 large rocks (quivered)
 d - a throwing net
Armour
 b - a +0 robe (worn)
Jewellery
 a - a +3 ring of evasion (right hand)
 g - a +4 ring of protection (left hand)
Scrolls
 k - a scroll of blinking
Potions
 i - 2 potions of magic
 j - a potion of berserk rage
Comestibles
 f - a bread ration


   Skills:
 + Level 12.5 Fighting
 + Level 1.0 Maces & Flails
 + Level 10.6 Throwing
 + Level 9.1 Dodging
 - Level 0.6 Stealth


You had 7 spell levels left.
You didn't know any spells.

Dungeon Overview and Level Annotations

Branches:
Dungeon (1/1)

Altars:

Shops:
D :?![!=}(%=*[!?(:

Annotations:
D exclusion: oklob plant


Innate Abilities, Weirdness & Mutations

You are too large for most types of armour.
You have tough skin. (AC +1)
Your flesh is cold resistant. (rC+)
Your movements are slightly less encumbered by armour. (ER -2)


Message History

The vampire mosquito is lightly damaged.
The vampire mosquito bites you.
* * * LOW HITPOINT WARNING * * *
The vampire mosquito draws strength from your injuries!
The vampire mosquito bites you.
* * * LOW HITPOINT WARNING * * *
The vampire mosquito draws strength from your injuries!
Unknown command.
Unknown command.
You miss the vampire mosquito.
The vampire mosquito closely misses you.
The vampire mosquito bites you.
* * * LOW HITPOINT WARNING * * *
The vampire mosquito draws strength from your injuries!
You hit the vampire mosquito.
The vampire mosquito is lightly damaged.
The vampire mosquito misses you.
The vampire mosquito closely misses you.
The vampire mosquito bites you!
You die...

##..∩.∩...#≈≈≈≈#..#).#
##.⌠.∩....#≈≈####...####
##..∩.∩...#≈##.###'## .##
##...∩.∩..#≈#...##.###..#
##....∩.∩.'≈'##††.<.'.#
##.....∩.∩#≈#...##.###..#
#▓▓▓▓▓▓▓###≈##.###'## .##
##?hh######≈≈####.#†####
#$Eh#D ##@≈≈#†##..#
#∩P:+(. #y#≈###..##
#)$$#(# #)#≈≈##+##
#[.$###≈ ####≈≈≈ +++# ≈§
§


You could see a vampire mosquito.

Vanquished Creatures
  A merfolk siren (D)
  4 necrophages (D)
  A crocodile (D)
  4 worker ants (D)
  3 worms (D)
13 creatures vanquished.

Vanquished Creatures (others)
  Menkaure (D)
  A crocodile (D)
2 creatures vanquished.

Grand Total: 15 creatures vanquished

Notes
Turn   | Place    | Note
-------+----------+-------------------------------------------
     0 | D        | potatolord5000 the Ogre Hunter began the quest for the Orb.
     0 | D        | Reached XP level 1. HP: 22/22 MP: 1/1
     2 | D        | Noticed a merfolk siren
     5 | D        | Killed a merfolk siren
     5 | D        | Reached skill level 10 in Fighting
     5 | D        | Reached XP level 2. HP: 46/46 MP: 2/2
     5 | D        | Reached XP level 3. HP: 54/54 MP: 3/3
     5 | D        | Reached XP level 4. HP: 62/62 MP: 4/4
     5 | D        | Reached XP level 5. HP: 70/70 MP: 5/5
     5 | D        | Reached XP level 6. HP: 79/79 MP: 6/6
    96 | D        | Reached skill level 11 in Fighting
   135 | D        | Killed Menkaure
   320 | D        | Noticed a necrophage
   320 | D        | Noticed a necrophage
   320 | D        | Noticed a necrophage
   320 | D        | Noticed a necrophage
   322 | D        | Killed a necrophage
   322 | D        | Reached XP level 7. HP: 87/88 MP: 7/7
   323 | D        | Reached skill level 10 in Throwing
   325 | D        | Reached skill level 12 in Fighting
   398 | D        | Found Acuutini's Book Shop.
   399 | D        | Found Fosoad's Distillery.
   399 | D        | Found Umuqik's Antique Armour Shop.
   399 | D        | Found Voetavvixt's Jewellery Boutique.
   399 | D        | Found Debref Ylips's Food Boutique.
   399 | D        | Found Doycsif's Distillery.
   399 | D        | Found Kept's Antique Weapon Shop.
   399 | D        | Found Xemuhi's General Store.
   399 | D        | Found Oresaut's Antique Armour Boutique.
   399 | D        | Found Igeogo's Magic Scroll Shop.
   399 | D        | Found Ydihoax's Gadget Boutique.
   400 | D        | Found Onadena's Distillery.
   400 | D        | Found Culapron's Magic Scroll Boutique.
   401 | D        | Found Qinuneg's Antique Weapon Boutique.
   401 | D        | Found Wioc Byl's Jewellery Shop.
   402 | D        | Noticed an oklob plant
   403 | D        | Found Ceapsusch's Book Shoppe.
   405 | D        | Noticed an iron elemental
   420 | D        | Bought 2 potions of mutation for 160 gold pieces
   420 | D        | Bought a potion of mutation for 80 gold pieces
   424 | D        | Bought a +4 ring of protection for 432 gold pieces
   424 | D        | Noticed an ice dragon
   428 | D        | Gained mutation: Your spells are a little easier to cast, but a little less powerful. [potion of mutation]
   428 | D        | Gained mutation: Your muscles are strong. (Str +2) [potion of mutation]
   428 | D        | Gained mutation: You evolve. [potion of mutation]
   428 | D        | Gained mutation: Your skin changes colour to match your surroundings (Stealth+). [potion of mutation]
   429 | D        | Lost mutation: Your spells are a little easier to cast, but a little less powerful. [potion of mutation]
   429 | D        | Lost mutation: Your muscles are strong. (Str +2) [potion of mutation]
   429 | D        | Lost mutation: You evolve. [potion of mutation]
   429 | D        | Lost mutation: Your skin changes colour to match your surroundings (Stealth+). [potion of mutation]
   429 | D        | Gained mutation: You have an increased reservoir of magic. (+10% MP) [potion of mutation]
   429 | D        | Gained mutation: You are weak. (Str -2) [potion of mutation]
   429 | D        | Lost mutation: You are weak. (Str -2) [potion of mutation]
   429 | D        | Gained mutation: You are surrounded by a mild repulsion field. (EV +2) [potion of mutation]
   430 | D        | Lost mutation: You have an increased reservoir of magic. (+10% MP) [potion of mutation]
   430 | D        | Lost mutation: You are surrounded by a mild repulsion field. (EV +2) [potion of mutation]
   430 | D        | Gained mutation: Your flesh is cold resistant. (rC+) [potion of mutation]
   430 | D        | Gained mutation: Your movements are slightly less encumbered by armour. (ER -2) [potion of mutation]
   433 | D        | Bought a club for 25 gold pieces
   459 | D        | Reached skill level 1 in Maces & Flails
   459 | D        | Reached XP level 8. HP: 41/98 MP: 8/8
   627 | D        | Bought a +3 ring of evasion for 252 gold pieces
   714 | D        | Slain by a vampire mosquito

Vault maps used:
D:        the_violet_keep_of_menkaure

Skill      XL: |  1  2  3  4  5  6  7 |
---------------+----------------------+-----
Fighting       | 10 11 12 | 12.5
Throwing       | 8 9 10 | 10.6
Dodging        | 7 8 9 |  9.1
Maces & Flails | 1 |  1.0
Stealth        | |  0.6

Action                   |  1- 3 |  4- 6 |  7- 9 || total
-------------------------+-------+-------+-------++-------
Melee: Unarmed           |       |    40 |       ||    40
       Short sword       |       |    16 |    19 ||    35
       Club              |       |       |    44 ||    44
Throw: Large rock        |     3 |     7 |     6 ||    16
       Throwing net      |       |     1 |     1 ||     2
  Use: Potion            |       |     3 |     3 ||     6
 Stab: Held in net/web   |       |     1 |       ||     1
Armor: Robe              |       |     7 |    14 ||    21
Dodge: Dodged            |       |    32 |    47 ||    79
